Map: Newkirk Precinct TE (Void)

Players

Musumeci

  • Race: Zerg Zerg
  • League: Diamond
  • Spawn Location: 7:00

Rostov - Winner!

  • Race: Terran Terran
  • League: Diamond
  • Spawn Location: 5:00

VOD

Have the link to the VOD?

Description

Time

  • Played on: Feb. 15, 2017, 8:28 a.m.
  • Length: 21:24
Show
View Real Time Build Order
Export as new Build Order

Musumeci Zerg 

Build Orders: Hatch First 

Get SALT Encoding   

  12  0:01  Drone  
  13  0:09  Drone  
  14  0:17  Extractor  
  14  0:18  Drone  
  15  0:43  Hatchery  
  15  0:49  Extractor  
  14  0:50  Drone  
  15  1:03  Spawning Pool  
  14  1:08  Extractor  
  14  1:09  Extractor  
  12  1:12  Drone  
  12  1:17  Drone  
  14  1:24  Overlord  
  16  1:42  Drone x2  
  18  1:49  Queen  
  20  1:55  Queen  
  20  1:59  Drone  
  23  2:04  Drone  
  23  2:07  Drone  
  25  2:08  Drone  
  26  2:16  Overlord  
  26  2:27  Queen  
  28  2:34  Queen, Extractor  
  29  2:40  Drone  
  30  2:49  Drone x5  
  35  2:54  Overlord  
  35  3:01  Drone  
  35  3:03  Extractor  
  35  3:04  Drone, Extractor  
  35  3:05  Drone  
  36  3:17  Roach Warren  
  36  3:18  Drone x2  
  36  3:19  Drone  
  38  3:21  Drone  
  38  3:24  Drone  
  40  3:28  Overlord  
  40  3:40  Drone  
  40  3:41  Drone x2  
  43  3:47  Evolution Chamber  
  42  3:48  Evolution Chamber  
  42  3:50  Drone  
  42  3:51  Drone x4  
  46  4:11  Drone x5  
  46  4:15  Hatchery  
  50  4:17  Roach  
  50  4:20  Extractor  
  50  4:22  Overlord  
  51  4:34  Overlord  
  51  4:41  Queen x2  
  51  4:42  Roach  
  51  4:43  Roach  
  59  4:47  Drone, Extractor  
  59  4:49  Drone  
  60  4:59  Roach  
  62  5:00  Ravager  
  63  5:16  Queen  
  63  5:17  Queen  
  58  5:36  Roach x2  
  58  5:37  Roach x4  
  58  5:39  Ravager  
  69  5:46  Queen  
  67  5:56  Queen  
  69  5:57  Queen  
  69  6:00  Ravager x2  
  69  6:01  Ravager  
  74  6:13  Overlord x3  
  74  6:17  Extractor  
  73  6:19  Extractor  
  72  6:26  Queen  
  72  6:32  Ravager x2  
  77  6:47  Ravager  
  77  7:02  Overlord x2  
  77  7:21  Drone x4  
  77  7:22  Drone x15  
  87  7:33  Drone  
  88  7:41  Roach x3  
  94  7:45  Drone x2  
  94  7:51  Lair  
  96  7:54  Zerg Ground Armor Level 1, Zerg Missile Weapons Level 1  
  96  8:13  Ravager x3  
  96  8:14  Roach x2  
  96  8:15  Roach x5  
  96  8:16  Overlord x7  
  113  8:35  Roach x8  
  113  8:37  Ravager x7  
  136  8:58  Extractor  
  136  8:59  Hatchery  
  136  9:01  Ravager x4  
  138  9:03  Extractor  
  138  9:04  Glial Reconstitution  
  138  9:09  Infestation Pit  
  136  9:10  Ravager x3  
  136  9:11  Ravager  
  140  9:58  Drone x3  
  140  9:59  Drone x2  
  145  10:00  Drone  
  145  10:01  Drone x9  
  145  10:03  Drone x3  
  145  10:04  Drone x4  
  162  10:08  Zerg Missile Weapons Level 2, Zerg Ground Armor Level 2, Hive  
  162  10:11  Drone x3  
  162  10:12  Drone  
  162  10:13  Drone  
  167  10:43  Roach x4  
  175  11:26  Extractor  
  175  11:28  Hatchery, Extractor  
  175  11:30  Drone  
  175  11:31  Drone x3  
  175  11:32  Overlord x4  
  176  11:46  Overseer  
  176  11:47  Overseer x5  
  176  11:53  Overseer  
  167  12:20  Spore Crawler x2  
  161  12:23  Spore Crawler x2  
  161  12:25  Spore Crawler x2  
  161  12:26  Spore Crawler  
  149  12:42  Queen x4  
  105  12:52  Roach  
  105  12:53  Roach x19  
  139  12:58  Spore Crawler  
  139  13:00  Spore Crawler x2  
  139  13:02  Spore Crawler  
  139  13:05  Spore Crawler x2  
  134  13:06  Spore Crawler  
  134  13:07  Drone x5  
  134  13:08  Drone x8  
  134  13:09  Drone x2  
  147  13:16  Ravager x9  
  147  13:17  Queen  
  158  13:25  Spore Crawler x4  
  158  13:26  Spore Crawler  
  158  13:27  Spore Crawler x3  
  152  13:29  Overseer x4  
  136  14:53  Extractor  
  136  14:54  Hatchery  
  136  14:57  Drone x8  
  136  14:58  Extractor  
  136  14:59  Ravager x2  
  149  15:00  Ravager x9  
  149  15:18  Roach x2  
  149  15:19  Roach x20  
  187  15:41  Roach x9  
  172  15:48  Ravager x4  
  172  15:49  Ravager x18  
  173  16:35  Roach x12  
  173  16:38  Ravager  
  173  16:39  Ravager x3  
  200  16:40  Ravager x2  
  200  16:49  Extractor  
  122  17:27  Spore Crawler x3, Ravager x8  
  121  17:34  Spine Crawler x2  
  121  17:35  Spine Crawler x2  
  121  17:36  Spine Crawler  
  89  17:37  Spine Crawler  
  89  17:38  Roach x6  
  89  17:39  Spine Crawler, Roach x6  
  99  18:00  Ravager x7  
  106  18:11  Ravager  
  89  19:06  Extractor  
  89  19:07  Hatchery  
  87  19:11  Extractor  
  77  19:34  Roach  
  77  19:35  Roach x22  
  105  20:04  Drone x2  
  105  20:05  Drone  
  106  20:07  Drone  
  107  20:19  Queen x4  
  115  20:22  Queen  
  117  20:41  Drone x3  
  117  20:42  Drone x3  
  121  20:43  Drone  
  121  20:44  Drone x20  
  138  20:54  Spire  
Show
View Real Time Build Order
Export as new Build Order

Rostov Terran - Winner!

Build Orders: Reaper Expand, Mech 

Get SALT Encoding   

  12  0:01  SCV  
  13  0:13  SCV  
  14  0:20  Supply Depot  
  14  0:25  SCV  
  15  0:29  Refinery  
  15  0:41  SCV  
  16  0:46  Barracks  
  16  0:53  SCV  
  17  1:06  SCV  
  18  1:18  SCV  
  19  1:34  Orbital Command, Reaper  
  20  1:52  Command Center  
  20  1:59  SCV  
  21  2:04  Factory  
  21  2:09  Barracks Reactor  
  21  2:14  SCV  
  22  2:16  Refinery  
  22  2:26  SCV  
  23  2:36  Supply Depot  
  23  2:50  SCV  
  23  2:53  Factory  
  23  3:02  SCV, Hellion x2  
  23  3:04  Barracks Reactor  
  23  3:05  Supply Depot  
  28  3:07  SCV  
  29  3:22  Orbital Command  
  29  3:26  SCV  
  30  3:27  Cyclone  
  33  3:34  Cyclone  
  33  3:40  SCV  
  37  3:48  Supply Depot  
  37  3:49  SCV  
  37  3:53  SCV  
  39  4:00  Armory  
  39  4:01  SCV  
  40  4:06  Hellion  
  40  4:08  SCV  
  43  4:13  SCV  
  43  4:15  Cyclone  
  47  4:19  Supply Depot  
  47  4:20  SCV  
  48  4:28  Hellion x2  
  52  4:31  SCV  
  53  4:40  Cyclone  
  53  4:42  SCV  
  57  4:49  Terran Vehicle Weapons Level 1, Supply Depot  
  57  4:51  SCV  
  58  4:54  SCV  
  59  5:10  Cyclone  
  60  5:26  Hellion x3  
  63  5:32  SCV x2  
  56  5:42  Cyclone  
  56  5:44  SCV x2  
  56  5:47  Hellion x2  
  59  5:56  SCV  
  60  6:01  SCV  
  61  6:06  Command Center  
  61  6:07  Refinery  
  61  6:09  Refinery  
  61  6:12  SCV  
  61  6:13  SCV  
  61  6:15  Factory  
  61  6:17  Factory, Command Center  
  63  6:22  Engineering Bay  
  63  6:24  SCV  
  64  6:31  SCV  
  65  6:37  SCV  
  66  6:43  Terran Vehicle Weapons Level 2, SCV  
  67  6:51  SCV  
  66  6:55  SCV  
  66  6:56  Hellion x2  
  71  7:04  Starport  
  71  7:05  Starport  
  71  7:06  Starport  
  71  7:10  Factory Tech Lab  
  71  7:11  Factory Tech Lab, SCV  
  72  7:24  Widow Mine x2  
  68  7:34  Planetary Fortress  
  68  7:35  SCV  
  69  7:38  Siege Tank  
  69  7:43  Missile Turret  
  72  7:46  SCV  
  72  7:47  Refinery, SCV  
  72  7:48  Siege Tank  
  77  7:52  Starport Tech Lab x2  
  77  7:58  Missile Turret  
  77  7:59  Missile Turret  
  77  8:00  Starport Tech Lab  
  77  8:04  SCV  
  78  8:06  SCV  
  78  8:08  Planetary Fortress  
  79  8:17  SCV x2  
  81  8:24  SCV  
  81  8:25  Refinery  
  82  8:27  Hellion x2  
  82  8:28  Refinery, Hellion  
  82  8:29  SCV  
  82  8:30  Refinery  
  89  8:38  SCV  
  90  8:42  SCV x2  
  90  8:43  Cloaking Field  
  90  8:45  SCV  
  93  8:56  SCV x2  
  93  9:02  SCV x2  
  97  9:04  Supply Depot  
  97  9:05  Supply Depot x2  
  97  9:07  Supply Depot, Infernal Pre-Igniter  
  97  9:13  SCV x2  
  99  9:25  Banshee x3  
  99  9:27  Supply Depot  
  99  9:28  Supply Depot  
  99  9:29  Supply Depot  
  102  9:32  SCV x2  
  104  9:40  Hellion x3  
  104  9:41  Hellion  
  104  9:44  Thor  
  118  9:46  Terran Vehicle Weapons Level 3  
  118  9:49  SCV x2  
  118  9:52  Armory  
  116  9:59  Hellion  
  118  10:07  SCV  
  118  10:08  Banshee  
  118  10:14  SCV x3, Command Center  
  124  10:17  Missile Turret  
  124  10:19  SCV, Building Armor  
  124  10:20  Missile Turret  
  126  10:25  Armory  
  126  10:28  SCV x3  
  129  10:29  Command Center  
  129  10:35  Corvid Reactor  
  129  10:36  Recalibrated Explosives  
  129  10:37  SCV  
  130  10:46  SCV, Sensor Tower  
  121  11:09  SCV  
  121  11:11  Terran Vehicle And Ship Armor Level 1  
  122  11:12  Factory  
  122  11:14  Factory, Armory  
  122  11:15  Terran Ship Weapons Level 1  
  122  11:23  SCV x2  
  124  11:27  Command Center  
  124  11:33  Missile Turret, Banshee  
  124  11:37  SCV  
  124  11:38  Missile Turret  
  124  11:39  Missile Turret  
  128  11:42  Widow Mine, Siege Tank x2  
  128  11:43  Widow Mine, SCV  
  128  11:44  SCV  
  140  11:54  Hellion x2  
  140  11:55  Banshee x2  
  150  12:06  Factory Tech Lab  
  150  12:07  Factory Tech Lab  
  150  12:12  Hellion  
  152  12:18  SCV  
  152  12:20  Orbital Command  
  153  12:25  Thor  
  153  12:26  Thor, Siege Tank  
  153  12:27  Raven, Siege Tank  
  173  12:34  Hellion x2  
  173  12:35  SCV x2, Hellion x2  
  180  12:38  Raven  
  177  12:47  Banshee  
  164  12:55  SCV  
  164  12:56  Hellion  
  164  12:58  Siege Tank  
  164  12:59  Siege Tank  
  170  13:34  Starport  
  170  13:35  Starport  
  170  13:36  Refinery  
  170  13:37  Planetary Fortress, Starport  
  170  13:38  Planetary Fortress  
  170  13:40  Refinery  
  170  13:49  Terran Vehicle And Ship Armor Level 2  
  167  14:11  Hellion x4  
  167  14:12  Starport Tech Lab  
  167  14:13  Starport Reactor x2  
  175  14:24  Siege Tank x3  
  184  14:25  Hellion  
  183  14:34  Terran Ship Weapons Level 2  
  184  14:38  SCV x2  
  185  14:48  Sensor Tower  
  185  14:51  Banshee  
  185  14:52  Raven x3  
  192  14:53  Thor  
  200  15:37  Hyperflight Rotors  
  192  16:13  Orbital Command  
  186  16:42  Viking x4  
  194  16:52  Banshee  
  194  16:53  Refinery  
  197  16:57  Refinery  
  182  17:27  Command Center  
  182  17:28  Command Center  
  178  17:31  Viking x2  
  178  17:36  Hellion  
  178  17:37  Hellion x3  
  178  17:44  Thor x3  
  178  17:45  Orbital Command  
  196  18:12  Viking x2  
  200  18:19  Terran Vehicle And Ship Armor Level 3  
  200  18:20  Terran Ship Weapons Level 3  
  197  19:07  Command Center  
  197  19:08  Command Center  
  197  19:09  Command Center  
  197  19:12  Planetary Fortress, Command Center x2  
  197  19:13  Planetary Fortress  
  187  19:17  Hellion x4  
  187  19:19  Command Center  
  187  19:22  Thor x3  
  197  19:31  Missile Turret x3  
  191  19:43  Refinery  
  191  19:45  Refinery, Barracks  
  191  19:50  Hi-Sec Auto Tracking  
  191  20:01  Banshee  
  191  20:02  Banshee  
  197  20:37  Orbital Command x3  
  197  20:40  Orbital Command x2  
Tags
 
Add a new tag
Caveats
  • Supply blocks, unpowered buildings, or Contaminate may cause inaccurate times.
  • Supply counts are checked every 10 seconds.